[Event "*** MasterClass Titled Tuesday Blitz"]
[Site "Chess.com"]
[Date "2017.07.04"]
[Round "7"]
[White "grobesk"]
[Black "fidetrainerNET"]
[Result "1-0"]
[WhiteElo "2216"]
[BlackElo "2073"]
[TimeControl "180+2"]
[EndTime "14:35:56 PDT"]
[Termination "grobesk won by resignation"]

1. e4 c5 2. d4 cxd4 3. c3 dxc3 4. Nxc3 Nc6 5. Nf3 e6 6. Bc4 Bb4 7. Bd2 Nf6 8. e5 Ng4 9. Qe2 Qc7 10. a3 Ba5 11. Rc1 Ncxe5 12. Nb5 Bxd2+ 13. Nxd2 Qb8 14. f4 Nxc4 15. Rxc4 d5 16. Nc7+ Ke7 17. Rc1 h5 18.
O-O a6 19. Nxa8 Qxa8 20. f5 Qa7+ 21. Kh1 Bd7 22. fxe6 fxe6 23. Rc7 Qb6 24. Rxd7+ Kxd7 25. h3 Qe3 26. Qxe3 Nxe3 27. Rf7+ Kc6 28. Rxg7 Nc4 29.
Nxc4 dxc4 30. Kg1 b5 31. g4 hxg4 32. hxg4 a5 33. g5 a4 34. g6 Rh6 35. Rg8 Kd5 36.
Kf1 Ke4 37. Ke1 e5 38. Kd2 Rh2+ 39. Kc3 Rh3+ 40. Kc2 Rg3 41. Rb8 Rxg6 42. Rxb5 Rg2+ 43. Kc3 Rg3+ 44. Kxc4 Rb3 45. Rxb3 axb3 46. Kxb3 Kd3 47. a4 e4 48. a5 e3 49. a6 e2 50. a7 e1=Q 51. a8=Q Qa1 52. Qxa1 Kd4 53. Qc1 Kd5 54. Ka2 1-0

[Event "*** MasterClass Titled Tuesday Blitz"]
[Site "Chess.com"]
[Date "2017.07.04"]
[Round "7"]
[White "ehrenfeld"]
[Black "Iball95"]
[Result "0-1"]
[WhiteElo "2394"]
[BlackElo "2521"]
[TimeControl "180+2"]
[EndTime "14:36:10 PDT"]
[Termination "Iball95 won by resignation"]

1. e4 c5 2. Nf3 Nc6 3. Bb5 d6 4. O-O Bd7 5. Re1 Nf6 6. c3 a6 7.
Bf1 Bg4 8. h3 Bxf3 9. Qxf3 g6 10. Qd1 Bg7 11. d4 O-O 12. d5 Ne5 13. Nd2 b5 14. a4 Rb8 15. axb5 axb5 16. f4 Ned7 17. Nf3 Qb6 18. e5 Ne8 19. e6 fxe6 20. Rxe6 Bf6 21. h4 Nc7 22. Re1 Qb7 23. g3 Qxd5 24. Qe2 b4 25. c4 Qf5 26. Ra7 Ne8 27. Kh2 Nb6 28.
Bh3 Qb1 29. f5 gxf5 30. Bh6 Qe4 31. Bxf8 Qxe2+ 32. Rxe2 Kxf8 33. Bxf5 Nxc4 34. Ng5 Bxg5 35. hxg5 Ne5 36. Be6 Nf3+ 37. Kg2 Nxg5 38. Rf2+ Nf6 39.
Bb3 Ne4 40. Rf4 Rd8 41. Bd5 Ng5 42. Rxf6+ exf6 43. g4 Re8 44. Kg3 Re5 45. Bb3 Re3+ 0-1

[Event "*** MasterClass Titled Tuesday Blitz"]
[Site "Chess.com"]
[Date "2017.07.04"]
[Round "7"]
[White "Fandorine"]
[Black "popov_m"]
[Result "1-0"]
[WhiteElo "2667"]
[BlackElo "2407"]
[TimeControl "180+2"]
[EndTime "14:36:20 PDT"]
[Termination "Fandorine won by resignation"]

1. e4 e6 2. d3 d5 3. Nd2 Nf6 4. Ngf3 c5 5. g3 g6 6. Bg2 Bg7 7. O-O O-O 8. Re1 Nc6 9. c3 b5 10. exd5 exd5 11. Nb3 c4 12. Nbd4 Nxd4 13. Nxd4 Qd7 14. a4 bxa4 15. dxc4 Bb7 16. Qxa4 Rfe8 17. Rxe8+ Rxe8 18. Be3 Qg4 19. Qxa7 Bc8 20. cxd5 Qh5 21. h4 Ng4 22. Bf4 Be5 23. Re1 Rf8 24. Bxe5 Nxe5 25. Qe7 Nd3 26. Bf3 Qh6 27. Qe3 Qxe3 28. Rxe3 Nxb2 29.
Nc6 Nc4 30. Re4 Nd6 31. Rd4 Nb5 32. Rd3 Bf5 33. Ne7+ Kg7 34. Nxf5+ gxf5 35. c4 Nc7 36. c5 Kf6 37. d6 Ne6 38. c6 Ke5 39. c7 Nc5 40. Rd5+ 1-0

[Event "*** MasterClass Titled Tuesday Blitz"]
[Site "Chess.com"]
[Date "2017.07.04"]
[Round "7"]
[White "Al_Shima"]
[Black "Bad4life"]
[Result "1-0"]
[WhiteElo "2352"]
[BlackElo "2275"]
[TimeControl "180+2"]
[EndTime "14:36:20 PDT"]
[Termination "Al_Shima won by checkmate"]

1. b3 d5 2. Bb2 c5 3. e3 a6 4. f4 Nc6 5. Nf3 Bg4 6. h3 Bf5 7. g4 Be4 8. d3 Bxf3 9. Qxf3 e6 10. Bg2 h5 11. g5 Nge7 12. e4 Nd4 13. Qf2 Nec6 14. Nc3 Qa5 15. exd5 exd5 16. O-O O-O-O 17. Nxd5 Bd6 18. c3 Ne6 19. a3 Rd7 20. b4 Qd8 21.
h4 Ne7 22. Nxe7+ Rxe7 23. Bc1 f6 24. f5 Nc7 25. Qf3 Nd5 26. Qxd5 Bh2+ 27. Kxh2 Qxd5 28. Bxd5 Re2+ 29. Kg1 Rd8 30. Be4 c4 31. Bf3 Rc2 32.
dxc4 Rxc3 33. Bd5 Re8 34. Be6+ Kb8 35. gxf6 gxf6 36. Bb2 Rc2 37. Bxf6 Ka8 38. Rf2 Rxf2 39. Kxf2 a5 40. Rd1 axb4 41. axb4 Ka7 42. c5 Ka6 43. Bc4+ Ka7 44. Ra1+ Kb8 45. Be6 Kc7 46. b5 b6 47.
Be5+ Kd8 48. Bd6 Rxe6 49. fxe6 Kc8 50. c6 Kd8 51. Ra8# 1-0

[Event "*** MasterClass Titled Tuesday Blitz"]
[Site "Chess.com"]
[Date "2017.07.04"]
[Round "7"]
[White "Godzillator"]
[Black "TeukkaSalama"]
[Result "1-0"]
[WhiteElo "2277"]
[BlackElo "2066"]
[TimeControl "180+2"]
[EndTime "14:36:24 PDT"]
[Termination "Godzillator won on time"]

1. d4 d5 2. c4 Nc6 3. cxd5 Qxd5 4. e3 e5 5. Nc3 Bb4 6. Bd2 Bxc3 7. bxc3 Qd6 8. Qb3 Nf6 9. Bc1 Be6 10. Ba3 Bxb3 11.
Bxd6 cxd6 12. axb3 O-O 13. Bd3 e4 14. Bc2 Rfc8 15.
Kd2 a6 16. h3 Rc7 17. Ne2 Rac8 18. g4 g5 19. Rhc1 Ne7 20. c4 Ng6 21. Ng3 Re8 22.
Nf5 d5 23. Bd1 Ne7 24. Nd6 Rd8 25. c5 Ne8 26. Nxe8 Rxe8 27. Be2 Ng6 28. b4 Re6 29. b5 axb5 30. Bxb5 Rf6 31. Ke1 Nh4 32. Ra2 Rf3 33.
Bf1 Rc6 34. Rb1 Rff6 35. Rxb7 Nf3+ 36. Kd1 Nh4 37. Rd7 Rf3 38. Rxd5 Rcf6 39. Rxg5+ Kf8 40. Ke1 Ng6 41. Rf5 R3xf5 42. gxf5 Rxf5 43. Bg2 Rh5 44. Bxe4 Rxh3 45. c6 Ne7 46. Ra8+ Kg7 47. c7 h5 48. Re8 1-0

[Event "*** MasterClass Titled Tuesday Blitz"]
[Site "Chess.com"]
[Date "2017.07.04"]
[Round "7"]
[White "Rokis13"]
[Black "JammyDodger91"]
[Result "1-0"]
[WhiteElo "2340"]
[BlackElo "2281"]
[TimeControl "180+2"]
[EndTime "14:36:27 PDT"]
[Termination "Rokis13 won on time"]

1. e4 c5 2. Nc3 Nc6 3. Bb5 Na5 4.
Nf3 a6 5. Be2 e6 6. O-O Qc7 7.
d4 cxd4 8. Nxd4 Nf6 9. Re1 Be7 10. Bf1 d6 11. Nb3 Nc4 12. Nd2 Ne5 13. Nf3 Ned7 14. Bf4 e5 15. Bg5 b5 16. Qd2 Bb7 17. Rad1 O-O 18. Nd5 Nxd5 19. exd5 Bxg5 20. Nxg5 h6 21. Nf3 f5 22. c3 Nf6 23. a4 Bxd5 24. axb5 axb5 25.
Bxb5 Rab8 26. c4 Bxf3 27. gxf3 d5 28. b3 Kh8 29. Qe3 e4 30. fxe4 dxe4 31. Ra1 Rb6 32.
Red1 Ng4 33. Qg3 Qf7 34. Rd7 Qh5 35. Raa7 Rg6 36. Rxg7 Rxg7 37. Rxg7 Kxg7 38. h3 Kf6 39. hxg4 Qxg4 40. Qxg4 fxg4 41. Bc6 Ke5 42. Kg2 h5 43. b4 Kd4 44. Bd5 h4 45. b5 1-0

[Event "*** MasterClass Titled Tuesday Blitz"]
[Site "Chess.com"]
[Date "2017.07.04"]
[Round "7"]
[White "dalmatinac101"]
[Black "KNVB"]
[Result "0-1"]
[WhiteElo "2607"]
[BlackElo "2490"]
[TimeControl "180+2"]
[EndTime "14:36:28 PDT"]
[Termination "KNVB won by resignation"]

1. e4 c5 2. Nf3 e6 3. d4 cxd4 4. Nxd4 Nc6 5. Nc3 Qc7 6. Be3 a6 7. Qf3 Bd6 8. O-O-O Be5 9. Nxc6 bxc6 10. Bd4 Nf6 11. Bxe5 Qxe5 12. Qg3 Qxg3 13. hxg3 d5 14. f3 O-O 15. g4 g5 16. e5 Nd7 17. Rh5 h6 18. Rxh6 Nxe5 19. Bd3 Kg7 20. Rdh1 c5 21.
R6h5 Kf6 22. Be2 Bb7 23. Rf1 d4 24. Na4 Ng6 25. Nxc5 Nf4 26. Nxb7 Nxe2+ 27. Kd2 Ng3 28. Re1 Nxh5 29. gxh5 g4 30. fxg4 Rg8 31. Re4 e5 32.
Nc5 Rad8 33. Nxa6 Ke6 34. Nb4 f5 35. gxf5+ Kxf5 36. Re2 e4 37. Nc6 Rd7 38. b4 Rg3 39. a4 d3 40. cxd3 Rgxd3+ 41. Kc2 e3 42. b5 Rd2+ 43.
Rxd2 Rxd2+ 44. Kc3 Rd1 45. g4+ Kg5 46. Nb4 e2 47.
Nc2 Rc1 48. Kd2 Rxc2+ 49. Ke1 Ra2 50. b6 Rxa4 0-1

[Event "*** MasterClass Titled Tuesday Blitz"]
[Site "Chess.com"]
[Date "2017.07.04"]
[Round "7"]
[White "Muisback26"]
[Black "DrVelja"]
[Result "1-0"]
[WhiteElo "2591"]
[BlackElo "2556"]
[TimeControl "180+2"]
[EndTime "14:36:28 PDT"]
[Termination "Muisback26 won by resignation"]

1. e4 c5 2. Nf3 e6 3. d4 cxd4 4.
Nxd4 Nf6 5. Nc3 d6 6. g4 h6 7. Bg2 Be7 8. h4 Nc6 9. Nb3 Bd7 10. g5 hxg5 11. hxg5 Rxh1+ 12. Bxh1 Nh7 13. Qh5 Nf8 14. Be3 a6 15. O-O-O Qc7 16. Kb1 Ng6 17. f4 O-O-O 18. Na4 Nb4 19. Nb6+ Kb8 20. c3 Nc6 21. Qe2 Na7 22.
Qf2 Nc8 23. Na5 Rh8 24. e5 d5 25. c4 Ba4 26. Rc1 Nxb6 27. Bxb6 Qd7 28. cxd5 exd5 29. b3 Bb5 30. a4 Bd3+ 31. Ka2 Qd8 32. Bxd8 Bxd8 33.
Nxb7 Kxb7 34. Bxd5+ 1-0

[Event "*** MasterClass Titled Tuesday Blitz"]
[Site "Chess.com"]
[Date "2017.07.04"]
[Round "7"]
[White "jeaston1"]
[Black "ulises2013"]
[Result "1/2-1/2"]
[WhiteElo "2055"]
[BlackElo "2323"]
[TimeControl "180+2"]
[EndTime "14:36:34 PDT"]
[Termination "Game drawn by stalemate"]

1. d4 g6 2. c4 Bg7 3. e4 c5 4. d5 d6 5. f3 e5 6. Nc3 Ne7 7. Be3 O-O 8. Bd3 f5 9. Nge2 f4 10. Bf2 Nd7 11. Qd2 Nf6 12. O-O-O a6 13. a4 Bd7 14. Kb1 g5 15. Bc2 Ng6 16. g3 Rb8 17. Bd3 Qe8 18. h4 gxh4 19. gxf4 Bh6 20. Rdg1 Kh8 21. Bxh4 Nxf4 22. Bg5 Bxg5 23. Rxg5 Nxe2 24.
Qxe2 Rg8 25. Qg2 Qf7 26. f4 exf4 27. e5 dxe5 28. Ne4 Nxe4 29. Bxe4 Bf5 30. Bxf5 Qxf5+ 31. Rxf5 Rxg2 32. Rxe5 Rf8 33. Re7 Rg7 34. Rxg7 Kxg7 35.
Kc2 f3 36. Kd3 f2 37. Ke2 Rf4 38. b3 h6 39. Rf1 Kf6 40. Rxf2 Rxf2+ 41. Kxf2 b5 42.
axb5 axb5 43. Kg3 bxc4 44. bxc4 Kg5 45. Kh3 h5 46. Kg3 Kf5 47. Kh4 Kg6 48. d6 Kf6 49. Kxh5 Ke6 50. Kg6 Kxd6 51. Kf6 Kd7 52. Ke5 Ke7 53.
Kd5 Kd7 54. Kxc5 Kc7 55. Kb5 Kb7 56. c5 Kc7 57. c6 Kc8 58. Kb6 Kb8 59. Kb5 Kc7 60.
Kc5 Kc8 61. Kb6 Kb8 62. Kc5 Kc7 63. Kd5 Kc8 64. Kd6 Kd8 65. c7+ Kc8 66. Kc6 1/2-1/2

[Event "*** MasterClass Titled Tuesday Blitz"]
[Site "Chess.com"]
[Date "2017.07.04"]
[Round "7"]
[White "MITerryble"]
[Black "A-Fier"]
[Result "1-0"]
[WhiteElo "2650"]
[BlackElo "2561"]
[TimeControl "180+2"]
[EndTime "14:36:39 PDT"]
[Termination "MITerryble won by resignation"]

1. d4 Nf6 2. Nf3 g6 3. Bg5 Bg7 4. Nbd2 O-O 5. c3 c5 6. dxc5 Qc7 7. Nb3 Na6 8. Qd4 b6 9. cxb6 axb6 10. Be3 Rb8 11.
g3 d6 12. Bg2 Nc5 13. O-O Ng4 14. Qd2 Nxe3 15. Qxe3 Ba6 16. Nfd4 Rbc8 17. Rfd1 Na4 18. Rd2 Bc4 19. Rad1 e6 20. Nc1 Ba6 21. Nc6 d5 22.
Nb4 Bb5 23. Nb3 Nc5 24. Nd4 Bd7 25. h4 h5 26. Nf3 Ne4 27. Rxd5 exd5 28. Nxd5 Qc4 29.
Nxb6 Qe6 30. Nxd7 Rfd8 31. Rd3 Rxd7 32. Rxd7 Qxd7 33. Qxe4 Qd1+ 34. Kh2 Qa1 35. Qb7 Re8 36. Ng5 Rf8 37. Bd5 Qe1 38. Bxf7+ Kh8 39. Qf3 Qb1 40. Kg2 Qxb2 41. Qe4 Qb6 42. Qxg6 Qxg6 43. Bxg6 Bxc3 44. Bxh5 Ra8 45. Bf7 Kg7 46. Bb3 Bd2 47. f4 Kg6 48.
Kf3 Kh5 49. Bf7+ Kh6 50. Ne4 Be1 51. g4 Bxh4 52. g5+ Kg7 53. Bb3 Re8 54. Nd6 Rf8 55.
Kg4 Bf2 56. f5 Rd8 57. f6+ Kf8 58. g6 1-0

[Event "*** MasterClass Titled Tuesday Blitz"]
[Site "Chess.com"]
[Date "2017.07.04"]
[Round "7"]
[White "spirals5"]
[Black "Lord_Neezy"]
[Result "1-0"]
[WhiteElo "2399"]
[BlackElo "2183"]
[TimeControl "180+2"]
[EndTime "14:36:50 PDT"]
[Termination "spirals5 won by resignation"]

1. e4 e6 2. Nc3 d5 3. Nf3 Nf6 4.
exd5 exd5 5. d4 h6 6. Bd3 Bd6 7. O-O O-O 8. h3 c6 9. a3 Re8 10. Re1 Be6 11. Be3 Nbd7 12. Qd2 c5 13. dxc5 Nxc5 14.
Bf4 Nxd3 15. cxd3 Bf5 16. Rxe8+ Nxe8 17. Nxd5 Bxf4 18. Nxf4 Qd6 19. d4 Rd8 20. Rd1 Nf6 21. Ne5 Ne4 22. Qb4 Qxb4 23. axb4 f6 24. Nc4 g5 25. Ne3 Bd7 26. Nfd5 Kf7 27. f3 Nd6 28. Nc3 Be6 29. d5 Bd7 30. Kf2 Rc8 31.
Rd4 Bf5 32. g4 Bd7 33. Ne4 Nb5 34. Rc4 Rxc4 35. Nxc4 Ke7 36. Ke3 f5 37. d6+ Kf7 38. Nc5 Be6 39. Nxe6 Kxe6 40. gxf5+ Kd7 41. Ke4 Nxd6+ 42.
Nxd6 Kxd6 43. b5 h5 44. b4 h4 45. Kd4 Kd7 46. Ke5 Ke7 47. f6+ Kf7 48. Kf5 1-0

[Event "*** MasterClass Titled Tuesday Blitz"]
[Site "Chess.com"]
[Date "2017.07.04"]
[Round "7"]
[White "Wolverine_master"]
[Black "AndrewDGreen"]
[Result "0-1"]
[WhiteElo "1965"]
[BlackElo "2176"]
[TimeControl "180+2"]
[EndTime "14:36:56 PDT"]
[Termination "AndrewDGreen won by checkmate"]

1. e4 Nf6 2. e5 Nd5 3. d4 d6 4.
c4 Nb6 5. f4 dxe5 6. fxe5 Nc6 7.
Be3 Bf5 8. Nc3 e6 9. Be2 Qd7 10. Nf3 O-O-O 11. O-O Bg4 12. Ng5 Bxe2 13. Nxe2 f6 14.
exf6 gxf6 15. c5 Nd5 16. Bc1 fxg5 17. Bxg5 Be7 18. Bd2 Rhg8 19. a3 Rdf8 20. b4 Nf6 21. Bc3 Nd5 22. Bd2 Bf6 23. Bc1 Qg7 24. Ng3 Bxd4+ 25.
Kh1 Bxa1 26. Rxf8+ Rxf8 27. b5 Nd4 28. c6 bxc6 29.
bxc6 Nxc6 30. Bd2 Bd4 31. Qa4 Kb7 32. Qb5+ Nb6 33. a4 a6 34. Qd3 Qe5 35. a5 Nd5 36. Qb3+ Ka7 37. Qa4 Qd6 38. Qa2 Ndb4 39. Bxb4 Nxb4 40.
h3 Qxg3 41. Qe2 e5 42. h4 Qxh4# 0-1

[Event "*** MasterClass Titled Tuesday Blitz"]
[Site "Chess.com"]
[Date "2017.07.04"]
[Round "7"]
[White "Witik"]
[Black "Hikaru"]
[Result "1-0"]
[WhiteElo "2554"]
[BlackElo "2937"]
[TimeControl "180+2"]
[EndTime "14:37:02 PDT"]
[Termination "Witik won on time"]

1. d4 f5 2. g3 Nf6 3. Bg2 g6 4.
c3 Bg7 5. Qb3 c6 6. Nd2 Qb6 7. Nh3 Qxb3 8. axb3 O-O 9. b4 Na6 10.
Nf4 Nc7 11. O-O d6 12. Nc4 g5 13. Nd3 h6 14. Na5 Rb8 15. f3 Be6 16. e4 Nd7 17.
Bd2 Nb6 18. Rae1 fxe4 19. fxe4 Nc4 20. d5 Rxf1+ 21. Rxf1 Nxd2 22. Rd1 cxd5 23. exd5 Bxd5 24. Bxd5+ Nxd5 25. Rxd2 Nc7 26. Kg2 Bf6 27. Nf2 d5 28. Nb3 Rd8 29. Na5 b6 30. Nc6 Rd6 31. Nxa7 b5 32.
Nd3 d4 33. cxd4 Rxd4 34. Nc6 Rd6 35. Na5 Nd5 36. Nb7 Rb6 37. Nbc5 Ne3+ 38. Kf3 Nc4 39. Re2 Rd6 40. b3 Nb6 41. Nf2 Rd4 42. Re4 h5 43. g4 Nd5 44. gxh5 Nxb4 45. Ne6 Rxe4 46. Kxe4 Kh7 47.
Ng4 Nc2 48. Kf5 b4 49. h6 Na1 50. Nf8+ Kg8 51. Nxf6+ exf6 52. Kg6 1-0

[Event "*** MasterClass Titled Tuesday Blitz"]
[Site "Chess.com"]
[Date "2017.07.04"]
[Round "7"]
[White "SergeiAza"]
[Black "Keranke"]
[Result "1-0"]
[WhiteElo "2722"]
[BlackElo "2646"]
[TimeControl "180+2"]
[EndTime "14:37:04 PDT"]
[Termination "SergeiAza won by resignation"]

1. e4 g6 2. d4 Bg7 3. Nf3 d6 4. Nc3 a6 5. Be3 b5 6. Bd3 Bb7 7. Qd2 Nd7 8. a4 b4 9. Ne2 c5 10. c3 bxc3 11. bxc3 Ngf6 12. Ng3 d5 13. e5 Ne4 14. Bxe4 dxe4 15. Ng5 Nb6 16. e6 f5 17.
Nf7 Qd5 18. Nxh8 Nc4 19. Qa2 Bxh8 20. Ne2 Qxe6 21. Nf4 Qf7 22. h4 cxd4 23. cxd4 e5 24. dxe5 Bxe5 25. Rc1 Nxe3 26. Qxf7+ Kxf7 27. fxe3 Rd8 28. Ke2 h6 29. Rc5 Bd6 30. Rd1 Ke8 31. Rc4 g5 32.
Ne6 Rd7 33. Rcd4 Ke7 34. Nc5 Rc7 35. Rxd6 Rxc5 36. Rd7+ Ke6 37. Rxb7 f4 38. hxg5 hxg5 39. Rd4 Rc2+ 40. Kf1 Rc1+ 41. Kf2 Rc2+ 42. Kg1 Kf5 43.
Rf7+ Kg4 44. exf4 Kg3 45. fxg5 Rxg2+ 46. Kf1 e3 47. Re4 1-0

[Event "*** MasterClass Titled Tuesday Blitz"]
[Site "Chess.com"]
[Date "2017.07.04"]
[Round "7"]
[White "ftorodent"]
[Black "Tonychess32"]
[Result "0-1"]
[WhiteElo "2470"]
[BlackElo "2452"]
[TimeControl "180+2"]
[EndTime "14:37:16 PDT"]
[Termination "Tonychess32 won by resignation"]

1. d4 Nf6 2. c4 e5 3. dxe5 Ng4 4.
Bf4 Nc6 5. Nf3 Bb4+ 6. Nbd2 Qe7 7. a3 Ncxe5 8. Nxe5 Nxe5 9. e3 Bxd2+ 10. Qxd2 O-O 11.
Be2 d6 12. O-O Be6 13. Rac1 b6 14. b4 Rad8 15. Qc3 Ng6 16. Bg3 Rd7 17. c5 dxc5 18. bxc5 Rfd8 19. Bf3 Rd3 20. Qb4 a5 21. Qa4 Bb3 22.
Qc6 Ne5 23. Bxe5 Qxe5 24. cxb6 cxb6 25. Qxb6 a4 26. Rc5 Qb2 27. Rd5 R3xd5 28. Bxd5 Rf8 29. Qb4 g6 30. h3 Rc8 31. e4 Kg7 32. Kh2 Rc2 33. Qe7 Rxf2 34. Rxf2 Qxf2 35. Qe5+ f6 36. Qe7+ Kh6 37. Qf8+ Kg5 38. Qb4 Qf4+ 39. Kg1 Qe3+ 40.
Kh2 Qf4+ 41. Kg1 Bxd5 0-1

[Event "*** MasterClass Titled Tuesday Blitz"]
[Site "Chess.com"]
[Date "2017.07.04"]
[Round "7"]
[White "ruvat"]
[Black "NMJeevanK"]
[Result "1-0"]
[WhiteElo "2276"]
[BlackElo "2323"]
[TimeControl "180+2"]
[EndTime "14:37:32 PDT"]
[Termination "ruvat won by checkmate"]

1. d4 Nf6 2. c4 e6 3. g3 d5 4.
Nf3 c5 5. Bg2 Nc6 6. O-O cxd4 7.
cxd5 exd5 8. Nxd4 Be7 9. Nc3 O-O 10. b3 Re8 11. Bb2 Bc5 12. Nxc6 bxc6 13. Rc1 Ba6 14. Rc2 Rc8 15. Na4 Bd6 16. Bd4 Qe7 17. Re1 c5 18. Bxf6 Qxf6 19. Qxd5 Re5 20. Qf3 Qe7 21. Nc3 c4 22. Nd5 Qe6 23. Nf4 Qf5 24. Rec1 Ba3 25. e4 Qf6 26. Rd1 h6 27. bxc4 Bc5 28.
Nd5 Qe6 29. Qd3 Rd8 30. Kh1 Kh8 31. f4 Rh5 32. e5 g5 33. Qe2 g4 34. h4 gxh3 35. Qxh5 hxg2+ 36. Kxg2 Bxc4 37. Nf6 Qc6+ 38. Kh2 Bg1+ 39. Rxg1 Kg7 40. Qg4+ Kf8 41. Qh4 Qf3 42. Qxh6+ Ke7 43. Rcg2 Be6 44. Nh5 Rg8 45. Qf6+ Ke8 46. Qh4 Rg6 47. Nf6+ Ke7 48. Ng4+ Kf8 49. Nf6 Ke7 50.
Rb1 Bf5 51. Nh5+ Kf8 52. Rb8+ Bc8 53. Rxc8# 1-0

[Event "*** MasterClass Titled Tuesday Blitz"]
[Site "Chess.com"]
[Date "2017.07.04"]
[Round "7"]
[White "michaelk123"]
[Black "dolynachess"]
[Result "0-1"]
[WhiteElo "2275"]
[BlackElo "2346"]
[TimeControl "180+2"]
[EndTime "14:37:33 PDT"]
[Termination "dolynachess won by resignation"]

1. e4 e6 2. d4 d5 3. Nc3 Bb4 4. exd5 exd5 5. Bd3 Nc6 6. a3 Bxc3+ 7. bxc3 Nge7 8. Qf3 Be6 9. Rb1 Rb8 10. Ne2 Qd7 11. h3 Bf5 12. O-O O-O 13. Ng3 Bg6 14. a4 Na5 15.
Ba3 Rfe8 16. Rfe1 Nc4 17. Bxe7 Rxe7 18. Rxe7 Qxe7 19. Qxd5 Nb6 20. Qb3 c6 21. Kf1 Qg5 22. a5 Qxa5 23. c4 Qd2 24. Bxg6 hxg6 25. Qd3 Qf4 26.
c5 Nd5 27. c4 Nf6 28. d5 a5 29. Kg1 a4 30. Ne2 Qc7 31. d6 Qa5 32. Nc3 a3 33.
Ra1 Rd8 34. Ne2 Qxc5 35. Rxa3 Qxd6 36. Qxd6 Rxd6 37. Rb3 Rd7 38. f3 Ne8 39. c5 f6 40.
Kf2 Kf7 41. Ke3 Ke7 42. Nd4 f5 43. g4 fxg4 44. hxg4 Nf6 45. Ra3 Nd5+ 46. Ke4 Nf6+ 47. Ke3 Rd5 48. Ra7 Rd7 49. Ra8 Nd5+ 50. Ke4 Kf7 51.
Rb8 Nf6+ 52. Ke3 Re7+ 53. Kd3 Nd7 54. Nb3 Nxb8 0-1

[Event "*** MasterClass Titled Tuesday Blitz"]
[Site "Chess.com"]
[Date "2017.07.04"]
[Round "7"]
[White "Elshan1985"]
[Black "GMAkobianSTL"]
[Result "1-0"]
[WhiteElo "2645"]
[BlackElo "2549"]
[TimeControl "180+2"]
[EndTime "14:37:34 PDT"]
[Termination "Elshan1985 won on time"]

1. e4 d6 2. d4 Nf6 3. Nc3 c6 4. Nge2 Nbd7 5. g3 e5 6. Bg2 b5 7. O-O Be7 8. Re1 O-O 9. a3 a5 10. Be3 Bb7 11. b4 Qc7 12. h3 Nb6 13. f4 Nc4 14.
Bf2 axb4 15. axb4 Rxa1 16. Qxa1 Ra8 17. Qc1 h6 18. g4 Nd7 19. Kh1 exf4 20. Nxf4 Ra3 21.
Nd1 Bg5 22. h4 Bf6 23. Nh5 Qd8 24. g5 hxg5 25. Nxf6+ Qxf6 26. hxg5 Qg6 27. Qf4 Nf8 28. Qf5 Qh5+ 29. Kg1 Nd2 30. Ne3 Ne6 31. g6 Qxg6 32.
Qxg6 fxg6 33. Nf1 Nf3+ 34. Bxf3 Rxf3 35. Bg3 Nxd4 36. Bxd6 Nxc2 37. Re2 Nd4 38. Rf2 Bc8 39. Bc5 Rxf2 40. Kxf2 Ne6 41. Bd6 Kf7 42. Nd2 Ke8 43.
Nb3 g5 44. Nc5 Nd4 45. Be5 Nc2 46. Nd3 Kf7 47. Bc3 Ke6 48. Bxg7 Na3 49. Bd4 Nc4 50. Nc5+ Kf7 51. Nd3 Ke6 52. Nc5+ Kd6 53. Nd3 Be6 54.
Bf6 g4 55. Bd4 Bg8 56. Kg3 Be6 57. Kf4 Bc8 58. Bc5+ Kc7 59. Nf2 1-0

[Event "*** MasterClass Titled Tuesday Blitz"]
[Site "Chess.com"]
[Date "2017.07.04"]
[Round "7"]
[White "peteseeger"]
[Black "PelinGorki"]
[Result "1-0"]
[WhiteElo "2155"]
[BlackElo "2305"]
[TimeControl "180+2"]
[EndTime "14:37:41 PDT"]
[Termination "peteseeger won by checkmate"]

1. e4 d6 2. d4 Nf6 3. Nc3 c6 4. f4 Qa5 5. Bd3 e5 6. Nf3 exd4 7. Nxd4 Qb6 8. Nb3 a5 9. a4 d5 10. e5 Nfd7 11. Qe2 Nc5 12. Be3 Nxd3+ 13. Qxd3 Qc7 14.
O-O Na6 15. f5 Nb4 16. Qd2 b6 17. Rae1 Ba6 18. Rf2 O-O-O 19. Nd4 Bc5 20. Kh1 Rde8 21. e6 fxe6 22. Nxe6 Qd6 23. Bf4 Qe7 24. Ne2 Bd6 25. N2d4 Bxf4 26. Rxf4 Qf6 27. Qf2 Kb7 28. h3 g5 29. Rf3 h5 30. Rb3 Bc4 31. Rbe3 g4 32.
h4 Rhg8 33. b3 Ba6 34. g3 c5 35. Nb5 Bxb5 36. axb5 d4 37. Re5 Ka7 38. Qf4 Rgf8 39.
R5e2 d3 40. Qc7+ Ka8 41. cxd3 Qxf5 42. Qxb6 Qf3+ 43. Kh2 Rxe6 44. Qxe6 Nxd3 45. Qa6+ Kb8 46. b6 Qc6 47. Qa7+ Kc8 48. Re8+ Qxe8 49. Rxe8+ Rxe8 50. Qc7# 1-0

[Event "*** MasterClass Titled Tuesday Blitz"]
[Site "Chess.com"]
[Date "2017.07.04"]
[Round "7"]
[White "cstefan"]
[Black "Msb2"]
[Result "0-1"]
[WhiteElo "2330"]
[BlackElo "2560"]
[TimeControl "180+2"]
[EndTime "14:37:53 PDT"]
[Termination "Msb2 won by checkmate"]

1. Nf3 d5 2. g3 Bg4 3. Bg2 e6 4. d3 Nf6 5. O-O Be7 6. Qe1 c5 7. e4 O-O 8. Nc3 Nc6 9. a3 Re8 10. h3 Bh5 11. Bd2 Qc7 12. Bf4 Qb6 13. Rb1 Rad8 14.
Kh2 Bg6 15. e5 Nd7 16. h4 Bh5 17. Ng5 h6 18. Nf3 Qc7 19. Nb5 Qb8 20. Nd6 Bxd6 21.
exd6 e5 22. Bd2 Qxd6 23. b4 e4 24. dxe4 Rxe4 25. Qc1 cxb4 26. axb4 Rde8 27. Kg1 Bxf3 28. Bxf3 Nd4 29. Bd1 Ne2+ 30. Bxe2 Rxe2 31. Bf4 Qc6 32. c3 Nf6 33. Rb2 Ng4 34. Rxe2 Rxe2 35. Qd1 Qe6 36. Qd4 b6 37. Qd3 Ra2 38. Qb1 Qe2 39. Qf5 Qe6 40.
Qxe6 fxe6 41. f3 Nf6 42. Rf2 Rxf2 43. Kxf2 Nd7 44. Bd6 e5 45. Ke3 Kf7 46. f4 Ke6 47. fxe5 Nxe5 48. Bb8 Nc6 49. Bc7 d4+ 50. cxd4 Nxb4 51.
Bb8 a5 52. Ke4 a4 53. Be5 Nd5 54. Kd3 g6 55. Kc2 b5 56. Bg7 h5 57. Bf8 b4 58.
Kb2 Kf5 59. Bd6 Ke4 60. Be5 Kd3 61. Bf6 Kc4 62. Be5 a3+ 63. Ka2 Nc3+ 64. Ka1 b3 65. d5 b2# 0-1

[Event "*** MasterClass Titled Tuesday Blitz"]
[Site "Chess.com"]
[Date "2017.07.04"]
[Round "7"]
[White "BilodeauA"]
[Black "FairChess_on_YouTube"]
[Result "1/2-1/2"]
[WhiteElo "2634"]
[BlackElo "2711"]
[TimeControl "180+2"]
[EndTime "14:38:07 PDT"]
[Termination "Game drawn - insufficient material"]

1. e4 e6 2. d4 d5 3. Nd2 Nf6 4. Bd3 c5 5. e5 Nfd7 6. c3 Nc6 7.
Ne2 cxd4 8. cxd4 f6 9. exf6 Nxf6 10. Nf3 Bd6 11. O-O O-O 12. Bf4 Bxf4 13. Nxf4 Ne4 14.
Qc1 Ng5 15. Nxg5 Qxg5 16. Ne2 Qf6 17. Qe3 Bd7 18. Rac1 Rac8 19. a3 Kh8 20. h3 b6 21.
Bb5 Nb8 22. Bd3 Nc6 23. Rc3 Ne7 24. Rfc1 Rxc3 25. Rxc3 Rc8 26. Rxc8+ Nxc8 27. Qf4 Qxf4 28. Nxf4 Nd6 29. h4 g6 30. f3 Kg7 31. Kf2 Kf6 32.
g4 Bb5 33. Bxb5 Nxb5 34. Ke3 Nd6 35. b3 Nb5 36. a4 Nd6 37. Nd3 Nf7 38. Kf4 h6 39.
Ke3 a5 40. Kf4 g5+ 41. hxg5+ hxg5+ 42. Ke3 e5 43. b4 axb4 44. Nxb4 Ke6 45. Nc6 Kd6 46.
Na7 Kd7 47. Kd3 e4+ 48. fxe4 Nh6 49. exd5 Nxg4 50. Ke4 Nf6+ 51. Ke5 Ng4+ 52. Kf5 Ne3+ 53. Kxg5 Kd6 54. Kf4 Nxd5+ 55. Kf3 Nc3 56. Nb5+ Kd5 57.
Nxc3+ Kxd4 58. Nd1 Kc4 59. Ke4 Kb3 60. Kd3 Kxa4 61. Kc3 b5 62. Kb2 b4 63. Nc3+ bxc3+ 64. Kxc3 1/2-1/2

[Event "*** MasterClass Titled Tuesday Blitz"]
[Site "Chess.com"]
[Date "2017.07.04"]
[Round "7"]
[White "mokerslag"]
[Black "Fy_Rakotomaharo"]
[Result "1/2-1/2"]
[WhiteElo "2464"]
[BlackElo "2369"]
[TimeControl "180+2"]
[EndTime "14:38:16 PDT"]
[Termination "Game drawn - insufficient material"]

1. e4 c5 2. Nf3 Nc6 3. d4 cxd4 4. Nxd4 e5 5. Nb5 d6 6. c4 Be7 7. Be3 Nf6 8. f3 O-O 9. Be2 Be6 10. O-O Rc8 11. N1a3 a6 12. Nc3 Na5 13. Nd5 Bxd5 14.
exd5 b6 15. Qa4 b5 16. cxb5 Nxd5 17. Bd2 Qb6+ 18. Kh1 Nb7 19. bxa6 Nc5 20. Qb5 Qa7 21. b4 Rb8 22. Qc4 Nb6 23. Qg4 Nxa6 24. Nb5 Qb7 25. a4 d5 26. Bh6 Bf6 27. Nd6 Qd7 28. Qxd7 Nxd7 29. Bxa6 gxh6 30. Bb5 Nb6 31. a5 Nc8 32. Ne8 Rxb5 33. Nxf6+ Kg7 34. Nd7 Re8 35. a6 Na7 36.
Ra4 Nc6 37. a7 Ra8 38. Rfa1 f6 39. h4 Kf7 40. Nc5 Rxb4 41. Rxb4 Nxb4 42. Rb1 Nc6 43.
Rb7+ Kg6 44. Ne6 Rxa7 45. Nf8+ Kh5 46. Rb6 Nd4 47. Rxf6 Kxh4 48. Kh2 Kg5 49. Rd6 Ra2 50.
Rxd5 Kf6 51. Kg3 Nf5+ 52. Kh3 Ne3 53. Rd7 Nxg2 54. Nxh7+ Ke6 55. Nf8+ Kf6 56. Rh7 Kg5 57.
Rg7+ Kf4 58. Rxg2 Rxg2 59. Kxg2 e4 60. Ng6+ Kg5 61. fxe4 Kxg6 62. Kf3 Kf6 63. Kf4 h5 64. e5+ Ke6 65. Ke4 h4 66. Kf4 h3 67. Kg3 Kxe5 68.
Kh2 Kf4 69. Kxh3 1/2-1/2